TOP OF THE 1ST |
Texas Tech Red Raiders batting - Pitching for Baylor Bears : RHP Luke Rogers
|
Pitching: RHP Luke Rogers
|
|
Batting: RHB Travis Ezell
|
0-0: Called Strike 0-1: Ball 1-1: Ball 2-1: Called Strike 2-2: Strikes out swinging
|
Batting: RHB Greg Hansen
|
0-0: Called Strike 0-1: Swinging Strike 0-2: Strikes out looking
|
Batting: RHB Mark Joseph
|
0-0: Ball 1-0: Ball 2-0: Swinging Strike 2-1: Called Strike 2-2: Foul Ball, location: 2F 2-2: Fly out, F6 (Line Drive, 6)
|
Top of the 1st over - 0 run(s), 0 hit(s), 0 error(s), 0 left on base; Texas Tech 0 - Baylor 0 |
BOTTOM OF THE 1ST |
Baylor Bears batting - Pitching for Texas Tech Red Raiders : RHP Ken Slaugh
|
Pitching: RHP Ken Slaugh
|
|
Batting: LHB Alejandro Muńóz
|
0-0: Ball 1-0: Ball 2-0: Ball 3-0: Base on Balls
|
Batting: LHB Cipriano Rangel
|
0-0: Ball Alejandro Muńóz steals 2nd base 1-0: Called Strike 1-1: Foul Ball, location: 2F 1-2: Ball 2-2: Ball 3-2: Foul Ball, location: 2F 3-2: Strikes out swinging
|
Batting: RHB Patrick Love
|
0-0: Ball 1-0: Called Strike 1-1: Fly out, F7 (Line Drive, 7M)
|
Batting: RHB Jesús Medrano
|
0-0: Swinging Strike 0-1: Ball 1-1: SINGLE (Flyball, 89S) Alejandro Muńóz to third Runner from 3rd tries for Home, SAFE, no throw or cutoff
|
Batting: RHB Nelson Burton
|
0-0: Called Strike Jesús Medrano steals 2nd base 0-1: Swinging Strike 0-2: Strikes out swinging
|
Bottom of the 1st over - 1 run(s), 1 hit(s), 0 error(s), 1 left on base; Texas Tech 0 - Baylor 1 |
TOP OF THE 2ND |
Texas Tech Red Raiders batting - Pitching for Baylor Bears : RHP Luke Rogers
|
Batting: LHB Jeff Barnes
|
0-0: Foul Ball, location: 2F 0-1: Foul Ball, location: 2F 0-2: Ball 1-2: Ball 2-2: Ball 3-2: Base on Balls
|
Batting: RHB Gary Miller
|
0-0: Ball 1-0: Ball 2-0: Ball 3-0: Called Strike 3-1: Foul Ball, location: 2F 3-2: Strikes out swinging
|
Batting: SHB Mike Miller
|
0-0: Called Strike 0-1: SINGLE (Line Drive, 6MD) Jeff Barnes to second
|
Batting: SHB Andrés Cruz
|
0-0: Ball 1-0: SINGLE (Flyball, 34D) Jeff Barnes to third Mike Miller to second Runner from 3rd tries for Home, SAFE, throw made home
|
Batting: RHB Cameron Irwin
|
0-0: Ball 1-0: Fly out, F8 (Flyball, 8RS)
|
Batting: RHB Josh Bergman
|
0-0: Foul Ball, location: 2F 0-1: Ground out 3-1 (Groundball, 3)
|
Top of the 2nd over - 1 run(s), 2 hit(s), 0 error(s), 2 left on base; Texas Tech 1 - Baylor 1 |
BOTTOM OF THE 2ND |
Baylor Bears batting - Pitching for Texas Tech Red Raiders : RHP Ken Slaugh
|
Batting: RHB Arnie Williams
|
0-0: Ball 1-0: Swinging Strike 1-1: Ball 2-1: Ball 3-1: Base on Balls
|
Batting: RHB Bill Ward
|
0-0: Ball 1-0: Foul Ball, location: 2F 1-1: Ball 2-1: Foul Ball, location: 2F 2-2: Foul Ball, location: 2F 2-2: Fly out, F4 (Popup, 4D)
|
Batting: RHB Greg Williams
|
0-0: Foul Ball, location: 2F 0-1: Ball Wild Pitch! Arnie Williams to second 1-1: Foul Ball, location: 2F 1-2: Ball 2-2: Ground out 1-3 (Groundball, 15S)
|
Batting: LHB Jeff Sellers
|
0-0: Called Strike 0-1: Foul Ball, location: 2F 0-2: Strikes out swinging
|
Bottom of the 2nd over - 0 run(s), 0 hit(s), 0 error(s), 1 left on base; Texas Tech 1 - Baylor 1 |
TOP OF THE 3RD |
Texas Tech Red Raiders batting - Pitching for Baylor Bears : RHP Luke Rogers
|
Batting: RHB Travis Ezell
|
0-0: SINGLE (Groundball, 34)
|
Batting: RHB Greg Hansen
|
0-0: SINGLE (Flyball, 9S) Travis Ezell to second Runner from 2nd tries for 3rd, SAFE, throw made to third Greg Hansen to second
|
Batting: RHB Mark Joseph
|
0-0: Ball 1-0: Foul Ball, location: 2F 1-1: Swinging Strike 1-2: SINGLE (Line Drive, 34D) Travis Ezell scores Greg Hansen to third
|
Batting: LHB Jeff Barnes
|
0-0: Called Strike 0-1: Ball 1-1: Fielders Choice at 2nd, 1-6 (Groundball, 15S)
|
Batting: RHB Gary Miller
|
0-0: Called Strike 0-1: Ball 1-1: Ball 2-1: Foul Ball, location: 2F 2-2: Fly out, F7 (Flyball, 7M) Runner from 3rd tags up, SCORES, throw made
|
Batting: SHB Mike Miller
|
0-0: Foul Ball, location: 2F 0-1: Swinging Strike 0-2: Ground out 4-3 (Groundball, 34)
|
Top of the 3rd over - 2 run(s), 3 hit(s), 0 error(s), 1 left on base; Texas Tech 3 - Baylor 1 |
BOTTOM OF THE 3RD |
Baylor Bears batting - Pitching for Texas Tech Red Raiders : RHP Ken Slaugh
|
Batting: LHB Alejandro Muńóz
|
0-0: Ball 1-0: Called Strike 1-1: Ball 2-1: Ball 3-1: Foul Ball, location: 2F 3-2: Foul Ball, location: 2F 3-2: Ground out 4-3 (Groundball, 4)
|
Batting: LHB Cipriano Rangel
|
0-0: Ball 1-0: Ball 2-0: Called Strike 2-1: Ball 3-1: Base on Balls
|
Batting: RHB Patrick Love
|
0-0: Ball 1-0: Grounds into double play, 6-4-3 (Groundball, 6)
|
Bottom of the 3rd over - 0 run(s), 0 hit(s), 0 error(s), 0 left on base; Texas Tech 3 - Baylor 1 |
TOP OF THE 4TH |
Texas Tech Red Raiders batting - Pitching for Baylor Bears : RHP Luke Rogers
|
Batting: SHB Andrés Cruz
|
0-0: Ball 1-0: Foul Ball, location: 2F 1-1: Ball 2-1: Ball 3-1: Ground out U3 (Groundball, 3L)
|
Batting: RHB Cameron Irwin
|
0-0: Called Strike 0-1: SINGLE (Line Drive, 6)
|
Batting: RHB Josh Bergman
|
0-0: Hit by Pitch Cameron Irwin to second
|
Batting: RHB Travis Ezell
|
0-0: Called Strike Cameron Irwin steals 3rd base Josh Bergman to second 0-1: Ground out 6-3 (Groundball, 6M) Cameron Irwin scores Josh Bergman to third
|
Batting: RHB Greg Hansen
|
0-0: SINGLE (Line Drive, 7S) Josh Bergman scores
|
Batting: RHB Mark Joseph
|
0-0: Called Strike 0-1: Foul Ball, location: 2F 0-2: Foul Ball, location: 2F 0-2: Ball 1-2: Foul Ball, location: 2F 1-2: Foul Ball, location: 2F 1-2: SINGLE (Groundball, 25) (infield hit) Greg Hansen to second
|
Batting: LHB Jeff Barnes
|
0-0: Called Strike 0-1: Ball 1-1: Swinging Strike 1-2: Strikes out looking
|
Top of the 4th over - 2 run(s), 3 hit(s), 0 error(s), 2 left on base; Texas Tech 5 - Baylor 1 |
BOTTOM OF THE 4TH |
Baylor Bears batting - Pitching for Texas Tech Red Raiders : RHP Ken Slaugh
|
Batting: RHB Jesús Medrano
|
0-0: SINGLE (Line Drive, 4MD)
|
Batting: RHB Nelson Burton
|
0-0: Ball 1-0: Ball 2-0: Foul Ball, location: 2F 2-1: Ball 3-1: 2-RUN HOME RUN (Flyball, 7D), Distance : 351 ft
|
Batting: RHB Arnie Williams
|
0-0: Ball 1-0: Ball 2-0: Called Strike 2-1: Ball 3-1: SINGLE (Line Drive, 7S)
|
Batting: RHB Bill Ward
|
0-0: Called Strike 0-1: Fly out, F4 (Popup, 4D)
|
Batting: RHB Greg Williams
|
0-0: Called Strike 0-1: Ball 1-1: SINGLE (Groundball, 4M) Arnie Williams to second
|
Batting: LHB Jeff Sellers
|
0-0: Foul Ball, location: 2F 0-1: Called Strike 0-2: Foul Ball, location: 2F 0-2: Fly out, F7 (Flyball, 78M)
|
Batting: LHB Alejandro Muńóz
|
0-0: Fielders Choice at 2nd, U6 (Groundball, 6M)
|
Bottom of the 4th over - 2 run(s), 4 hit(s), 0 error(s), 2 left on base; Texas Tech 5 - Baylor 3 |
TOP OF THE 5TH |
Texas Tech Red Raiders batting - Pitching for Baylor Bears : RHP Luke Rogers
|
Batting: RHB Gary Miller
|
0-0: Ball 1-0: Ball 2-0: Ground out 4-3 (Groundball, 4)
|
Batting: SHB Mike Miller
|
0-0: Called Strike 0-1: SOLO HOME RUN (Flyball, 9D), Distance : 367 ft
|
Batting: SHB Andrés Cruz
|
0-0: Fly out, F3 (Line Drive, 34)
|
Batting: RHB Cameron Irwin
|
0-0: Ball 1-0: Ball 2-0: Called Strike 2-1: Ball 3-1: Base on Balls
|
Pitching: RHP Robby Raines
|
|
Batting: RHB Josh Bergman
|
0-0: Called Strike 0-1: Ball 1-1: Fly out, F8 (Popup, 4MD)
|
Top of the 5th over - 1 run(s), 1 hit(s), 0 error(s), 1 left on base; Texas Tech 6 - Baylor 3 |
BOTTOM OF THE 5TH |
Baylor Bears batting - Pitching for Texas Tech Red Raiders : RHP Ken Slaugh
|
Batting: LHB Cipriano Rangel
|
0-0: Fly out, F9 (Flyball, 34D)
|
Batting: RHB Patrick Love
|
0-0: Called Strike 0-1: Ground out 1-3 (Groundball, 15S)
|
Batting: RHB Jesús Medrano
|
0-0: Fly out, F9 (Flyball, 9M)
|
Bottom of the 5th over - 0 run(s), 0 hit(s), 0 error(s), 0 left on base; Texas Tech 6 - Baylor 3 |
TOP OF THE 6TH |
Texas Tech Red Raiders batting - Pitching for Baylor Bears : RHP Robby Raines
|
Batting: RHB Travis Ezell
|
0-0: Called Strike 0-1: Ball 1-1: Ground out 4-3 (Groundball, 4M)
|
Batting: RHB Greg Hansen
|
0-0: Ground out 6-3 (Groundball, 6)
|
Batting: RHB Mark Joseph
|
0-0: Called Strike 0-1: Ball 1-1: Ball 2-1: Swinging Strike 2-2: Foul Ball, location: 2F 2-2: Foul Ball, location: 2F 2-2: Ground out 6-3 (Groundball, 6)
|
Top of the 6th over - 0 run(s), 0 hit(s), 0 error(s), 0 left on base; Texas Tech 6 - Baylor 3 |
BOTTOM OF THE 6TH |
Baylor Bears batting - Pitching for Texas Tech Red Raiders : RHP Ken Slaugh
|
Batting: RHB Nelson Burton
|
0-0: Called Strike 0-1: Reached on Error, E9 (Flyball, 9M)
|
Pitching: RHP César Martínez
|
|
Batting: RHB Arnie Williams
|
0-0: Called Strike 0-1: Foul Ball, location: 2F 0-2: Foul Ball, location: 2F 0-2: 2-RUN HOME RUN (Line Drive, 7LD), Distance : 342 ft
|
Batting: RHB Bill Ward
|
0-0: Ball 1-0: Called Strike 1-1: Fly out, F9 (Flyball, 89M)
|
Batting: RHB Greg Williams
|
0-0: Ground out 3-1 (Groundball, 3)
|
Batting: LHB Jeff Sellers
|
0-0: Ball 1-0: Foul Ball, location: 2F 1-1: Ball 2-1: Ball 3-1: Called Strike 3-2: Strikes out swinging
|
Bottom of the 6th over - 2 run(s), 1 hit(s), 1 error(s), 0 left on base; Texas Tech 6 - Baylor 5 |
TOP OF THE 7TH |
Texas Tech Red Raiders batting - Pitching for Baylor Bears : RHP Robby Raines
|
Batting: LHB Jeff Barnes
|
0-0: Ground out 4-3 (Groundball, 4)
|
Batting: RHB Gary Miller
|
0-0: Ball 1-0: Fly out, F9 (Flyball, 9M)
|
Batting: SHB Mike Miller
|
0-0: Ground out 1-3 (Groundball, 15S)
|
Top of the 7th over - 0 run(s), 0 hit(s), 0 error(s), 0 left on base; Texas Tech 6 - Baylor 5 |
BOTTOM OF THE 7TH |
Baylor Bears batting - Pitching for Texas Tech Red Raiders : RHP César Martínez
|
Batting: LHB Alejandro Muńóz
|
0-0: Ball 1-0: Called Strike 1-1: Foul Ball, location: 2F 1-2: Foul Ball, location: 2F 1-2: SINGLE (Groundball, 34S)
|
Batting: LHB Cipriano Rangel
|
0-0: Ball 1-0: Called Strike Alejandro Muńóz steals 2nd base 1-1: Bunted foul 1-2: Foul Ball, location: 2F 1-2: Ball 2-2: Ball 3-2: Base on Balls
|
Batting: RHB Patrick Love
|
0-0: Ball 1-0: Ball 2-0: SINGLE (Line Drive, 6MD) Alejandro Muńóz to third Cipriano Rangel to second
|
Batting: RHB Jesús Medrano
|
0-0: Ball Wild Pitch! Alejandro Muńóz scores Cipriano Rangel to third Patrick Love to second 1-0: Called Strike 1-1: Ball 2-1: Ball 3-1: Fly out, F8 (Flyball, 8LM) Runner from 3rd tags up, SCORES, throw made
|
Batting: RHB Nelson Burton
|
0-0: Intentional Walk
|
Pitching: RHP Aaron Myers
|
|
Batting: RHB Arnie Williams
|
0-0: Ball 1-0: Ball 2-0: Fly out, F6 (Popup, 6M)
|
Batting: RHB Bill Ward
|
0-0: Ball 1-0: Ball 2-0: Ball 3-0: Called Strike 3-1: 3-RUN HOME RUN (Flyball, 78XD), Distance : 391 ft
|
Pitching: LHP Dan Marshall
|
|
Batting: RHB Greg Williams
|
0-0: Ball 1-0: Foul Ball, location: 2F 1-1: Foul Ball, location: 2F 1-2: Ball 2-2: Foul Ball, location: 2F 2-2: Ball 3-2: Base on Balls
|
Batting: LHB Jeff Sellers
|
0-0: Ball Passed Ball! Greg Williams to second 1-0: Swinging Strike 1-1: Called Strike 1-2: Fly out, F7 (Flyball, 7M)
|
Bottom of the 7th over - 5 run(s), 3 hit(s), 0 error(s), 1 left on base; Texas Tech 6 - Baylor 10 |
TOP OF THE 8TH |
Texas Tech Red Raiders batting - Pitching for Baylor Bears : RHP Robby Raines
|
Pitching: RHP Dave Thompson
|
|
Batting: SHB Andrés Cruz
|
0-0: Called Strike 0-1: Called Strike 0-2: Strikes out swinging
|
Batting: RHB Cameron Irwin
|
0-0: Ball 1-0: Foul Ball, location: 2F 1-1: Foul Ball, location: 2F 1-2: Strikes out swinging
|
Batting: RHB Josh Bergman
|
0-0: Ground out 5-3 (Groundball, 56S)
|
Top of the 8th over - 0 run(s), 0 hit(s), 0 error(s), 0 left on base; Texas Tech 6 - Baylor 10 |
BOTTOM OF THE 8TH |
Baylor Bears batting - Pitching for Texas Tech Red Raiders : LHP Dan Marshall
|
Batting: LHB Alejandro Muńóz
|
0-0: Ball 1-0: SOLO HOME RUN (Flyball, 9D), Distance : 359 ft
|
Batting: LHB Cipriano Rangel
|
0-0: Foul Ball, location: 2F 0-1: Ball 1-1: Swinging Strike 1-2: Strikes out looking
|
Batting: RHB Patrick Love
|
0-0: Swinging Strike 0-1: Called Strike 0-2: Strikes out swinging
|
Batting: RHB Jesús Medrano
|
0-0: Called Strike 0-1: Ball 1-1: Ball 2-1: Fly out, F9 (Flyball, 89M)
|
Bottom of the 8th over - 1 run(s), 1 hit(s), 0 error(s), 0 left on base; Texas Tech 6 - Baylor 11 |
TOP OF THE 9TH |
Texas Tech Red Raiders batting - Pitching for Baylor Bears : RHP Dave Thompson
|
Pitching: RHP Jeff Hudson
|
|
Now at SS: Tim Church
|
|
Batting: RHB Travis Ezell
|
0-0: Foul Ball, location: 2F 0-1: Ball 1-1: Called Strike 1-2: Strikes out swinging
|
Batting: RHB Greg Hansen
|
0-0: Called Strike 0-1: Ball 1-1: Foul Ball, location: 2F 1-2: Strikes out swinging
|
Batting: RHB Mark Joseph
|
0-0: Called Strike 0-1: Swinging Strike 0-2: Strikes out swinging
|
Top of the 9th over - 0 run(s), 0 hit(s), 0 error(s), 0 left on base; Texas Tech 6 - Baylor 11 |
|